 Dungeon Crawl Stone Soup version 0.22-a0-374-g5dfd9e3911 (webtiles) character file.

1119 D1HalberdGnoll the Slasher (level 8, -3/62 HPs)
             Began as a Demonspawn Monk on Apr 26, 2018.
             Was a Believer of Makhleb.
             Slain by an ogre
             ... wielding a +0 giant spiked club
              (24 damage)
             ... on level 6 of the Dungeon.
             The game lasted 00:07:07 (6849 turns).

D1HalberdGnoll the Slasher (Demonspawn Monk)        Turns: 6849, Time: 00:07:07

Health: -3/62      AC:  9    Str: 15    XL:     8   Next: 12%
Magic:  9/9        EV: 11    Int: 11    God:    Makhleb [**....]
Gold:   286        SH:  0    Dex: 15    Spells: 7/7 levels left

rFire    . . .     SeeInvis +   a - +0 falchion
rCold    . . .     Gourm    .   (no shield)
rNeg     . . .     Faith    .   i - +0 scale mail
rPois    .         Spirit   .   p - +0 helmet {SInv}
rElec    .         Reflect  .   n - +0 cloak (curse)
rCorr    .         Harm     .   (no gloves)
MR       .....                  (no boots)
Stlth    +.........             (no amulet)
HPRegen  0.20/turn              (no ring)
MPRegen  0.11/turn              (no ring)

@: no status effects
A: hooves 1, demonic guardian 1, nightstalker 1
a: Minor Destruction, Renounce Religion


You were on level 6 of the Dungeon.
You worshipped Makhleb.
Makhleb was pleased with you.
You were not hungry.

You visited 2 branches of the dungeon, and saw 7 of its levels.

You collected 286 gold pieces.

Inventory:

Hand Weapons
 a - a +0 falchion (weapon)
Armour
 i - a +0 scale mail (worn)
 n - a cursed +0 cloak (worn)
 p - a +0 helmet of see invisible (worn)
Wands
 h - a wand of digging (14)
 t - a wand of flame (21)
 v - a wand of disintegration (5)
 z - a wand of iceblast (8)
Scrolls
 b - 6 scrolls of identify {unknown}
 f - a scroll of fear {unknown}
 j - 9 scrolls of teleportation {unknown}
 k - a scroll of magic mapping {unknown}
 l - a scroll of fog {unknown}
 m - a scroll of remove curse {unknown}
 o - a scroll of immolation {unknown}
 q - a scroll of amnesia {unknown}
 s - 2 scrolls of enchant armour {unknown}
 y - a scroll of blinking {unknown}
Potions
 d - 2 potions of degeneration {unknown}
 g - 2 potions of lignification {unknown}
 r - a potion of brilliance {unknown}
 u - a potion of haste
 w - 2 potions of resistance {unknown}
Comestibles
 c - 11 rations


   Skills:
 + Level 5.1 Fighting
 * Level 6.2 Long Blades
 + Level 3.6 Armour
 - Level 4.4 Dodging
 - Level 1.7 Stealth
 + Level 1.6 Invocations


You had 7 spell levels left.
You didn't know any spells.

Dungeon Overview and Level Annotations

Branches:
Dungeon (6/15)             Temple (1/1) D:5

Altars:
Ashenzari
Cheibriados
Dithmenos
Elyvilon
Fedhas
Gozag
Kikubaaqudgha
Makhleb
Okawaru
Qazlal
Ru
Sif Muna
Trog
Uskayaw
Vehumet
Wu Jian
Xom
Yredelemnul
Zin


Innate Abilities, Weirdness & Mutations

You have large cloven feet.
A weak demonic guardian rushes to your aid.
You are slightly more attuned to the shadows.


Message History

The ogre struggles to resist.
The ogre hits you with a giant spiked club!
* * * LOW HITPOINT WARNING * * *
An orc wizard opens the door.
You feel better. The ogre closely misses you.
You barely miss the orc wizard. You kick the orc wizard.
The orc wizard is almost dead.
The orc wizard points at you and mumbles some strange words.
The magic dart hits you!
* * * LOW HITPOINT WARNING * * *
You feel better. The ogre barely misses you.
Your iron imp hits the orc wizard.
The orc wizard dies!
Makhleb accepts your kill.
There is an open door here.
Things that are here:
an enchanted dagger; a robe; an orc corpse You hit the ogre.
You kick the ogre.
The ogre is severely wounded.
The ogre hits you with a giant spiked club!!
You die...

#.......# .# #.......# .#
### #.......# .# #.)
#o...#### .#
#.###########....####### .#
#.##........#....'......
.###.##.######'#....#######
...............)########
####.##.......[5@O...... #
#.##.........######## #
#.##.........# #
#.##.........#
#............#
#...........##
.............#
.#.......#'###
.........#...


You could see an ogre and a friendly iron imp.

Vanquished Creatures
  Sigmund (D:4)
  2 ogres (D:3)
  A centaur (D:6)
  A scorpion (D:4)
  A crimson imp (D:6)
  3 hounds
  4 orc priests
  A jelly (D:5)
  2 orc wizards
  Natasha (twice) (D:4)
  3 worker ants
  4 adders
  2 shadow imps (D:6)
  5 worms
  A dart slug (D:3)
  A leopard gecko (D:2)
  20 orcs
  7 giant cockroaches
  8 goblins
  3 hobgoblins
  6 jackals
  4 kobolds
  4 quokkas
  A ball python (D:3)
  18 bats
  7 frilled lizards
  A leopard gecko skeleton (D:4)
  11 rats
  A bush (D:2)
125 creatures vanquished.

Vanquished Creatures (collateral kills)
  The ghost of Sassnadas the Chopper, an amateur FoFi of Qazlal (D:3)
  An orc wizard (D:6)
  Natasha (D:4)
  A worker ant (D:5)
  An orc (D:3)
5 creatures vanquished.

Grand Total: 130 creatures vanquished

Notes
Turn   | Place    | Note
-------+----------+-------------------------------------------
     0 | D:1      | D1HalberdGnoll the Demonspawn Monk began the quest for the Orb.
     0 | D:1      | Reached XP level 1. HP: 18/18 MP: 1/1
   267 | D:1      | Gained mutation: A weak demonic guardian rushes to your aid. [demonic ancestry]
   267 | D:1      | Reached XP level 2. HP: 23/24 MP: 2/2
   326 | D:1      | Reached skill level 3 in Long Blades
   998 | D:2      | Gained mutation: You have large cloven feet. [demonic ancestry]
   998 | D:2      | Reached XP level 3. HP: 29/29 MP: 3/3
  1172 | D:2      | Reached skill level 1 in Armour
  1388 | D:2      | Found a blossoming altar of Fedhas.
  1587 | D:2      | Found a radiant altar of Vehumet.
  2201 | D:2      | Reached XP level 4. HP: 2/35 MP: 4/4
  2755 | D:3      | Noticed Sassnadas's ghost (amateur FoFi)
  2898 | D:3      | Found an iron altar of Okawaru.
  2944 | D:3      | Killed Sassnadas's ghost
  2944 | D:3      | Reached skill level 4 in Long Blades
  2944 | D:3      | Gained mutation: You are slightly more attuned to the shadows. [demonic ancestry]
  2944 | D:3      | Reached XP level 5. HP: 30/42 MP: 5/5
  3090 | D:3      | Found a snail-covered altar of Cheibriados.
  3664 | D:4      | Reached XP level 6. HP: 31/48 MP: 6/6
  3742 | D:4      | Noticed Natasha
  3912 | D:4      | Killed Natasha
  4371 | D:3      | Reached skill level 5 in Long Blades
  4701 | D:4      | Reached XP level 7. HP: 45/55 MP: 7/7
  4983 | D:4      | Noticed Sigmund
  4988 | D:4      | Killed Sigmund
  5054 | D:4      | Noticed Natasha
  5072 | D:4      | Killed Natasha
  5349 | D:4      | Noticed Natasha
  5363 | D:4      | Killed Natasha
  5532 | D:5      | Entered Level 5 of the Dungeon
  5790 | D:5      | Found a staircase to the Ecumenical Temple.
  5796 | Temple   | Entered the Ecumenical Temple
  5906 | Temple   | Became a worshipper of Makhleb the Destroyer
  5906 | Temple   | Reached * piety under Makhleb
  5906 | Temple   | Reached ** piety under Makhleb
  6394 | D:6      | Reached skill level 5 in Fighting
  6394 | D:6      | Reached skill level 6 in Long Blades
  6680 | D:6      | Reached skill level 1 in Invocations
  6680 | D:6      | Reached XP level 8. HP: 59/62 MP: 8/8
  6849 | D:6      | Slain by an ogre

Vault maps used:
D:1:      dpeg_cavernosity
D:2:      vehumet_crystals, minmay_hedge_maze, fedhas_altar_2
D:3:      kennysheep_slug_shrine, first_ration, okawaru_metal_pillars_1_2
D:4:      uniq_natasha, uniq_sigmund
D:5:      temple_green
D:6:      grunt_temple_overflow_open, uniq_edmund
Temple:   lightli_temple_of_artemis

Skill      XL: |  1  2  3  4  5  6  7 |
---------------+----------------------+-----
Long Blades    | 3 4 5 6 |  6.2
Dodging        | 3 4 |  4.4
Armour         | 1 2 3 |  3.6
Fighting       | 4 5 |  5.1
Invocations    | 1 |  1.6
Stealth        | |  1.7

Action                   |  1- 3 |  4- 6 |  7- 9 || total
-------------------------+-------+-------+-------++-------
Melee: Falchion          |   314 |   166 |   161 ||   641
       Kick              |   109 |    55 |    60 ||   224
Evoke: Wand              |       |       |    10 ||    10
  Use: Potion            |       |       |     3 ||     3
 Stab: Sleeping          |     3 |       |     1 ||     4
       Distracted        |       |     2 |       ||     2
  Eat: Chunk             |     4 |     9 |     4 ||    17
       Ration            |       |       |     1 ||     1
Armor: Scale mail        |   116 |   109 |    59 ||   284
       Robe              |     3 |       |       ||     3
Dodge: Dodged            |   111 |   144 |   100 ||   355
       Rpst.: Falchion   |    35 |    52 |    33 ||   120

Table legend:
 A = Spawn XP
 B = Non-spawn XP
 C = Spawn XP percentage of total XP
 D = Spawn monster count
 E = Non-spawn monster count
 F = Spawn count percentage of total count
 G = Total turns spent on level
                    A         B        C        D         E        F      G
               +---------+---------+-------+---------+---------+-------+---------
         Total |       0 |    1599 |   0.0 |       0 |     129 |   0.0 |  6849
               +---------+---------+-------+---------+---------+-------+---------
           D:1 |       0 |      36 |   0.0 |       0 |      25 |   0.0 |   922
           D:2 |       0 |      95 |   0.0 |       0 |      27 |   0.0 |  1878
           D:3 |       0 |     416 |   0.0 |       0 |      35 |   0.0 |  1477
           D:4 |       0 |     624 |   0.0 |       0 |      28 |   0.0 |  1255
           D:5 |       0 |     115 |   0.0 |       0 |       4 |   0.0 |   644
           D:6 |       0 |     313 |   0.0 |       0 |      10 |   0.0 |   554
               +---------+---------+-------+---------+---------+-------+---------
